 Dungeon Crawl Stone Soup version 0.21.1-1-g345015fe64 (webtiles) character file.

165 AAA992 the Shield-Bearer (level 5, -2/32 HPs)
             Began as a Gargoyle Fighter on July 14, 2018.
             Slain by a bullfrog (5 damage)
             ... on level 4 of the Dungeon.
             The game lasted 00:03:31 (2542 turns).

AAA992 the Shield-Bearer (Gargoyle Fighter)         Turns: 2542, Time: 00:03:31

Health: -2/32      AC: 14    Str: 20    XL:     5   Next: 46%
Magic:  5/5        EV:  5    Int:  9    God:
Gold:   163        SH:  9    Dex:  9    Spells: 4/4 levels left

rFire    . . .     SeeInvis .   a - +1 flail
rCold    + . .     Gourm    .   c - +0 shield
rNeg     + + .     Faith    .   m - +1 chain mail {rN+}
rPois    ∞         Spirit   .   (no helmet)
rElec    +         Reflect  .   (no cloak)
rCorr    .         Harm     .   (no gloves)
MR       .....                  (no boots)
Stlth    ..........             q - amulet of rage
HPRegen  0.10/turn              i - ring of protection from cold
MPRegen  0.09/turn              j - ring of stealth

@: no status effects
A: negative energy resistance 1, electricity resistance, unbreathing,
petrification resistance, rot immunity, AC +4
a: Evoke Berserk Rage


You were on level 4 of the Dungeon.
You were hungry.

You visited 1 branch of the dungeon, and saw 4 of its levels.

You collected 163 gold pieces.

Inventory:

Hand Weapons
 a - a +1 flail (weapon)
Armour
 c - a +0 shield (worn)
 m - a +1 chain mail of positive energy (worn)
Jewellery
 i - a ring of protection from cold (left hand)
 j - a ring of stealth (right hand)
 q - an amulet of rage (around neck)
Scrolls
 g - 5 scrolls of remove curse
 o - 2 scrolls of enchant weapon
Potions
 b - a potion of flight
 d - 2 potions of might
 e - a potion of brilliance {unknown}
 h - 2 potions of curing
 n - a potion of mutation {unknown}
Comestibles
 f - 7 rations


   Skills:
 - Level 3.2 Fighting
 + Level 4.1 Maces & Flails
 - Level 3.2 Armour
 + Level 5.2 Shields


You had 4 spell levels left.
You didn't know any spells.

Dungeon Overview and Level Annotations

Branches:
Dungeon (4/15)
 Temple: D:4-7

Altars:
Ashenzari
Dithmenos
Elyvilon
Sif Muna
Xom


Innate Abilities, Weirdness & Mutations

You are resistant to torment.
Your stone body is resilient. (AC +4)
You are immune to poison.
You resist negative energy. (rN+)
You are resistant to electric shocks. (rElec)
You can survive without breathing.
You are immune to petrification.
You are immune to rotting.


Message History

You block the worker ant's attack.
The bullfrog hits you but does no damage. x2
A dart slug comes into view.
Found 3 poisoned needles.
The bullfrog hits you.
* * * LOW HITPOINT WARNING * * *
The dart slug launches a dart at you. The slug dart hits you!
The dart slug launches a dart at you. You block the slug dart.
The bullfrog hits you but does no damage.
The bullfrog hits you.
* * * LOW HITPOINT WARNING * * *
The bullfrog hits you but does no damage.
The bullfrog hits you.
* * * LOW HITPOINT WARNING * * *
Found a shadowy altar of Dithmenos.
The bullfrog hits you but does no damage.
You open the door. The bullfrog hits you.
You die...

.##... ..... .... ...
.. .#######
##'##....##
#@.o......# #aFw.....#
# #.....[..####+ #
.#.............. .
.................. .
....##+###...##....<..
##.. #...##... .. .##
#........ . _.#
#...##... #


You could see a bullfrog, a worker ant, a dart slug and an orc.

Vanquished Creatures
  An orc wizard (D:3)
  A worker ant (D:4)
  2 adders
  An ooze (D:1)
  3 worms
  A dart slug (D:3)
  9 orcs
  2 giant cockroaches (D:3)
  7 hobgoblins
  12 jackals
  6 bats
  4 frilled lizards
  3 goblins
  8 kobolds
  8 rats
68 creatures vanquished.

Notes
Turn   | Place    | Note
-------+----------+-------------------------------------------
     0 | D:1      | AAA992 the Gargoyle Fighter began the quest for the Orb.
     0 | D:1      | Reached XP level 1. HP: 14/14 MP: 1/1
    92 | D:1      | Reached XP level 2. HP: 16/19 MP: 2/2
   804 | D:2      | Reached XP level 3. HP: 23/23 MP: 3/3
   815 | D:2      | Reached skill level 4 in Shields
  1283 | D:2      | Found a deep blue altar of Sif Muna.
  1697 | D:3      | Found a shimmering altar of Xom.
  1699 | D:3      | Found a shattered altar of Ashenzari.
  1706 | D:3      | Reached XP level 4. HP: 26/28 MP: 4/4
  2173 | D:3      | Reached XP level 5. HP: 32/32 MP: 5/5
  2307 | D:3      | Found a white marble altar of Elyvilon.
  2467 | D:4      | Reached skill level 5 in Shields
  2539 | D:4      | Found a shadowy altar of Dithmenos.
  2542 | D:4      | Slain by a bullfrog

Skill      XL: |  1  2  3  4  5 |
---------------+----------------+-----
Shields        | 4 5 |  5.2
Maces & Flails | 3 4 |  4.1
Fighting       | |  3.2
Armour         | |  3.2

Action                   |  1- 3 |  4- 6 || total
-------------------------+-------+-------++-------
Melee: Flail             |   147 |   136 ||   283
  Use: Scroll            |       |     6 ||     6
  Eat: Chunk             |     2 |     3 ||     5
Armor: Scale mail        |    37 |       ||    37
       Chain mail        |    60 |   108 ||   168
Dodge: Dodged            |    37 |    45 ||    82
Block: Shield            |   102 |    82 ||   184
